 Dungeon Crawl Stone Soup version 0.26-a0-667-g92642533e4 (webtiles) character file.

Game seed: 11241572353196842189

133 lunkers the Chopper (level 5, -2/37 HPs)
             Began as an Octopode Fighter on Oct 16, 2020.
             Was a Follower of Ru.
             Slain by a scorpion (8 damage)
             ... on level 4 of the Dungeon.
             The game lasted 00:03:56 (3241 turns).

lunkers the Chopper (Octopode Fighter)              Turns: 3241, Time: 00:03:57

Health: -2/37      AC:  1    Str: 15    XL:     5   Next: 16%
Magic:  5/5        EV: 14    Int: 10    God:    Ru [*.....]
Gold:   253        SH:  5    Dex: 13    Spells: 4/4 levels left

rFire    . . .     SeeInvis .   a - +0 war axe
rCold    . . .     Faith    .   e - +0 buckler
rNeg     . . .     Spirit   .   (helmet restricted)
rPois    .         Reflect  .   (no amulet)
rElec    .         Harm     .   (no ring)
rCorr    .         Rampage  .   (no ring)
MR       .....                  (no ring)
Stlth    ++........             (no ring)
HPRegen  0.12/turn              (no ring)
MPRegen  0.09/turn              (no ring)
                                (no ring)
                                (no ring)

@: lethally poisoned (-2 -> -8), no scrolls
A: almost no armour, stealthy swim, amphibious, 8 rings, constrict 8, camouflage
1, gelatinous body 1, inability to read while threatened
a: Renounce Religion


You were on level 4 of the Dungeon.
You worshipped Ru.
Ru was aware of your devotion.
You visited 1 branch of the dungeon, and saw 4 of its levels.

You collected 253 gold pieces.

Inventory:

Hand Weapons
 a - a +0 war axe (weapon)
Armour
 b - a +0 kite shield
 e - a +0 buckler (worn)
Jewellery
 j - a cursed ring of teleportation {unknown}
Scrolls
 d - 2 scrolls of teleportation {unknown}
 h - 6 scrolls of identify {unknown}
 k - a scroll of immolation {unknown}
 l - 3 scrolls of remove curse {unknown}
 m - 2 scrolls of amnesia {unknown}
 n - a scroll of blinking {unknown}
 o - a scroll of enchant weapon {unknown}
 p - a scroll of magic mapping {unknown}
 q - 2 scrolls of fear {unknown}
Potions
 c - a potion of might
 f - 2 potions of brilliance {unknown}
 g - 2 potions of lignification {unknown}
 i - a potion of haste {unknown}
 r - a potion of heal wounds {unknown}
 s - a potion of curing {unknown}
 t - 2 potions of invisibility {unknown}


   Skills:
 + Level 3.8 Fighting
 * Level 3.9 Axes
 - Level 3.0 Dodging
 + Level 3.7 Shields


You had 4 spell levels left.
You didn't know any spells.
Your spell library was empty.

Dungeon Overview and Level Annotations

Branches:
Dungeon (4/15)             Temple (0/1) D:4

Altars:
Ru
Trog
Xom
Zin


Innate Abilities, Weirdness & Mutations

You cannot wear most types of armour.
You are very stealthy in the water. (Stealth+)
You are amphibious.
You can wear up to eight rings at the same time.
You can use your tentacles to constrict eight enemies at once.
Your skin changes colour to match your surroundings (Stealth+).
Your rubbery body absorbs attacks. (AC +1, EV +1)
You cannot read scrolls while threatened.


Message History

* * * LOW HITPOINT WARNING * * *
Something hits you.
* * * LOW HITPOINT WARNING * * *
Something shocks you.
* * * LOW HITPOINT WARNING * * *
You release your grip on the scorpion.
* * * LOW HITPOINT WARNING * * *
You feel sick.
* * * LOW HITPOINT WARNING * * *
You feel sick.
* * * LOW HITPOINT WARNING * * *
You feel sick.
Unknown command.
* * * LOW HITPOINT WARNING * * *
You feel sick.
You can read scrolls again.
* * * LOW HITPOINT WARNING * * *
You feel sick. The scorpion stings you!
You feel threatened and lose the ability to read scrolls!
You die...

####################
#...................
#...................
#...#############...
#...# ##8###8# #...
###'##8...8...8###.#
#...##.....$...###.#
#..@#>........._#...
#..s##.........##...
#...##8...8...8##...
#...# ##8###8# #...
#...# ## # #..#
#####...##..##
###+##
#.....$.!.....
......
#..##.$.......
...... #.
.......$... ......


You could see a scorpion.

Vanquished Creatures
  A worker ant (D:4)
  4 adders
  2 worms (D:2)
  3 leopard geckos
  2 ball pythons
  4 bats
  4 giant cockroaches
  12 hobgoblins
  9 jackals
  3 frilled lizards
  8 goblins
  5 kobolds
  2 rats
59 creatures vanquished.

Vanquished Creatures (others)
  A wizard (D:3)
1 creature vanquished.

Grand Total: 60 creatures vanquished

Notes
Turn   | Place    | Note
-------+----------+-------------------------------------------
     0 | D:1      | lunkers the Octopode Fighter began the quest for the Orb.
     0 | D:1      | Reached XP level 1. HP: 16/16 MP: 1/1
   247 | D:1      | Reached XP level 2. HP: 16/21 MP: 2/2
   926 | D:2      | Reached XP level 3. HP: 26/26 MP: 3/3
  1098 | D:2      | Found a sacrificial altar of Ru.
  1137 | D:2      | Became a worshipper of Ru the Awakened
  1175 | D:2      | Found a shimmering altar of Xom.
  1175 | D:2      | Found a shimmering altar of Xom.
  1177 | D:2      | Found a shimmering altar of Xom.
  1177 | D:2      | Found a shimmering altar of Xom.
  1911 | D:2      | Reached XP level 4. HP: 23/31 MP: 4/4
  2515 | D:3      | Found a bloodstained altar of Trog.
  2516 | D:3      | Noticed a wizard
  2521 | D:3      | Killed a wizard
  3109 | D:4      | Found a staircase to the Ecumenical Temple.
  3114 | D:4      | Gained mutation: You cannot read scrolls while threatened.
                  | [Ru sacrifice]
  3114 | D:4      | Reached * piety under Ru
  3195 | D:4      | Found a glowing silver altar of Zin.
  3229 | D:4      | Noticed a sky beast
  3233 | D:4      | Reached XP level 5. HP: 37/37 MP: 5/5
  3241 | D:4      | Slain by a scorpion

Illustrated notes

Levels and vault maps discovered:
D:1:      wander_arrival_fairy_ring, layout_basic, minmay_hedge_maze,
          corexii_item_surrounded_by_moat
D:2:      minmay_razor_zed, layout_basic, nicolae_overflow_crystal_walls,
          hangedman_glass_teeth, grunt_decor_clamped, st_stairs_7,
          kennysheep_path_1, xom_redecorated
D:3:      layout_basic, trog_wizard
D:4:      layout_gridville, nicolae_overflow_hidden_temple, temple_fountains,
          minivault_4, minmay_bent

Skill      XL: |  1  2  3 |
---------------+----------+-----
Axes           | 3 |  3.9
Fighting       | |  3.8
Dodging        | |  3.0
Shields        | |  3.7

Action                   |  1- 3 |  4- 6 || total
-------------------------+-------+-------++-------
Melee: War axe           |    78 |    52 ||   130
       Constrict         |    18 |    11 ||    29
       Tentacles         |     9 |     2 ||    11
Invok: Sacrifice Words   |       |     1 ||     1
 Stab: Sleeping          |     7 |     8 ||    15
Armor: Skin              |     6 |     1 ||     7
Dodge: Dodged            |    44 |    50 ||    94
Block: Buckler           |    21 |    11 ||    32
       Kite shield       |     1 |       ||     1

Table legend: (Time is in decaauts)
 A = Elapsed time spent in this place.
 B = Non-inter-level travel time spent in this place.
 C = Inter-level travel time spent in this place.
 D = Time resting spent in this place.
 E = Time spent auto-exploring this place.
 F = Levels seen in this place.
 G = Mean time per level.
                   A        B        C        D        E       F      G
               +--------+--------+--------+--------+--------+-----+--------+
         Total |   3288 |   3221 |     67 |      0 |   2769 |   4 |  822.0 |
       Dungeon |   3288 |   3221 |     67 |      0 |   2769 |   4 |  822.0 |
               +--------+--------+--------+--------+--------+-----+--------+

Top non-repeatable levels by time:
     D:2: 1396 daAuts
     D:3: 911 daAuts
     D:1: 837 daAuts
     D:4: 143 daAuts
